AoeStats
← stinaj90

Nomad

509669271Analyzed
2v2 RM · 6d ago on Sep 27, 2026· 44m 30s· 4 players
Game mode
Random Map
Map size
176×176
Population
200
Speed
Normal
Resources
Standard
Victory
Conquest
Starting age
Dark Age
Ending age
Imperial Age
RankedLock teamsTeams togetherTeam positionsShared explorationLock speedFull tech treeHidden civsTurbo modeCheats
Victory
Defeat
🇪🇸 Inca · Spain
1089
+15
🇸🇪 Inca · Sweden
1075
+15
🇹🇷 Spanish · Türkiye
1071
-15
🇹🇷 Gurjaras · Türkiye
1070
-15
(DB) Eydur
4:22 Loom
16:03 Feudal Age
28:04 Castle Age
(DB) Ezdur
13:00 Loom
16:51 Feudal Age
17:30 Man-at-Arms
18:12 Double-Bit Axe
19:48 Scale Mail Armor
20:30 Wheelbarrow
24:16 Horse Collar
27:36 Castle Age
28:01 Forging
27:59 Long Swordsman
29:49 Chain Mail Armor
stinaj90
14:20 Feudal Age
15:01 Double-Bit Axe
15:46 Fishing Lines
18:13 Fletching
21:05 Castle Age
20:51 Stone Mining
22:57 Champi Runner
23:38 Squires
24:20 Forging
25:25 Scale Mail Armor
26:01 Champi Warrior
26:45 Arson
29:17 Bodkin Arrow
30:24 Bow Saw
31:37 Chain Mail Armor
33:37 Stone Shaft Mining
32:52 Gold Mining
34:00 Wheelbarrow
34:19 Iron Casting
35:42 Padded Archer Armor
36:04 Ballistics
40:21 Imperial Age
38:59 Elite Skirmisher
40:31 Horse Collar
43:09 Heavy Plow
43:06 Murder Holes
44:07 Town Watch
45:52 Blast Furnace
46:02 Chemistry
mcriano22
4:40 Loom
14:07 Feudal Age
15:01 Double-Bit Axe
15:50 Town Watch
16:03 Champi Runner
17:10 Fishing Lines
18:12 Scale Mail Armor
18:04 Fletching
20:15 Horse Collar
22:53 Wheelbarrow
23:52 Stone Mining
24:41 Forging
25:01 Arson
25:40 Gold Mining
29:46 Castle Age
30:40 Bow Saw
30:33 Heavy Plow
30:38 Bodkin Arrow
30:57 Squires
31:56 Chain Mail Armor
33:18 Iron Casting
32:49 Champi Warrior
34:50 Murder Holes
34:47 Guard Tower
35:08 Masonry
38:14 Treadmill Crane
41:28 Ballistics
42:01 Coinage
41:59 Hand Cart
45:03 Padded Archer Armor
Connection lost

Rejoining the realm…

Still unreachable

The connection could not be restored.

Session expired

The server has moved on; the page needs a fresh start.